 Dungeon Crawl Stone Soup version 0.26-a0-249-g7253cd193c (webtiles) character file.

Game seed: 18289161446599867375

72 Esekla the Grave Robber (level 4, 0/31 HPs)
             Began as a Formicid Necromancer on July 8, 2020.
             Was a Follower of Ashenzari.
             Slain by an orc wizard
             ... wielding a +0 dagger
              (6 damage)
             ... on level 3 of the Dungeon.
             The game lasted 00:07:17 (926 turns).

Esekla the Grave Robber (Formicid Necromancer)       Turns: 926, Time: 00:07:18

Health: 0/31       AC:  2    Str: 13    XL:     4   Next: 50%
Magic:  1/8        EV: 12    Int: 15    God:    Ashenzari [*.....]
Gold:   86         SH:  0    Dex: 11    Spells: 4/8 levels left

rFire    . . .     SeeInvis +   e - +0 war axe
rCold    . . .     Faith    .   (no shield)
rNeg     . . .     Spirit   .   a - +0 robe
rPois    .         Reflect  .   (helmet unavailable)
rElec    .         Harm     .   (no cloak)
rCorr    .                      (no gloves)
MR       .....                  (no boots)
Stlth    ++........             (no amulet)
HPRegen  0.10/turn              (no ring)
MPRegen  0.11/turn              (no ring)

@: no status effects
A: permanent stasis, dig shafts and tunnels, four strong arms, antennae 3
a: Dig, Shaft Self, Curse Item, Scrying, Renounce Religion


You were on level 3 of the Dungeon.
You worshipped Ashenzari.
Ashenzari was aware of your devotion.
You were not hungry.

You visited 1 branch of the dungeon, and saw 3 of its levels.

You collected 86 gold pieces.

Inventory:

Hand Weapons
 e - a +0 war axe (weapon)
 g - a +0 dagger
Armour
 a - a +0 robe (worn)
Wands
 j - a wand of polymorph (5)
Scrolls
 b - a scroll of immolation {unknown}
 h - a scroll of fear {unknown}
 i - a scroll of enchant armour {unknown}
Potions
 d - a potion of flight {unknown}
 f - a potion of brilliance {unknown}
Comestibles
 c - 3 rations


   Skills:
 * Level 0.9 Fighting
 + Level 0.6 Axes
 + Level 1.9 Dodging
 + Level 2.4 Stealth
 * Level 2.9 Spellcasting
 + Level 5.0 Necromancy


You had 4 spell levels left.
You knew the following spells:

 Your Spells              Type           Power        Failure   Level
a - Pain                  Necr           ###.         2%          1
d - Vampiric Draining     Necr           ###.......   8%          3

Your spell library contained the following spells:

 Spells                   Type           Power        Failure   Level
 Animate Skeleton         Necr           ###...       2%          1
 Animate Dead             Necr           ###.......   26%         4
 Agony                    Necr           ###.....     58%         5


Dungeon Overview and Level Annotations

Branches:
Dungeon (3/15)

Altars:
Ashenzari


Innate Abilities, Weirdness & Mutations

You cannot be hasted, slowed, berserked, paralysed or teleported.
You can dig through walls and to a lower floor.
Your four strong arms can wield two-handed weapons with a shield.
You have a pair of large antennae on your head. (SInv)


Message History

Aiming: Vampiric Draining (quite dangerous; 8% risk of failure)
Press: ? - help, Shift-Dir - straight line, f - orc wizard
Aim: an orc wizard, wielding a +0 dagger and wearing a +0 robe The orc wizard is heavily wounded.
You feel life coursing into your body.
The orc wizard hits you with a +0 dagger.
* * * LOW HITPOINT WARNING * * *
The orc hits you with a +0 club.
* * * LOW HITPOINT WARNING * * *
You barely miss the orc wizard.
The orc wizard is heavily wounded.
You closely miss the orc.
The orc wizard looks encouraged for a moment.
The orc hits you but does no damage. The orc wizard barely misses you.
You miss the orc wizard.
The orc wizard is heavily wounded.
You hit the orc. The orc hits you with a +0 club.
* * * LOW HITPOINT WARNING * * *
The orc wizard hits you with a +0 dagger.
You die...

## #.# #.†>......# .#
#.# #.###.###.# .#
##+###.# #.# #.# .#
##...##.# #.###.# .#
##.....#.# #...#.#
.###........###.....#
....................##
...............o.o...#
.#..........###)@....#
##.#.......## #......#
##.##.....## ######.#
...###...## #.# ####
##+## #.# #.# #.# #.#
#.# #######.## #.#
.........## #.#


You could see an orc wizard and an orc.

Vanquished Creatures
  An orc priest (D:3)
  Jessica (D:3)
  An ooze (D:2)
  A dart slug (D:3)
  An orc (D:3)
  A bat (D:2)
  2 giant cockroaches (D:2)
  A goblin (D:2)
  A hobgoblin (D:2)
  2 kobolds
12 creatures vanquished.

Notes
Turn   | Place    | Note
-------+----------+-------------------------------------------
     0 | D:1      | Esekla the Formicid Necromancer began the quest for the
                  | Orb.
     0 | D:1      | Reached XP level 1. HP: 13/13 MP: 3/3
   432 | D:2      | Reached XP level 2. HP: 13/19 MP: 0/5
   714 | D:3      | Noticed Jessica
   731 | D:3      | Killed Jessica
   731 | D:3      | Reached XP level 3. HP: 23/25 MP: 7/7
   736 | D:3      | Learned a level 3 spell: Vampiric Draining
   738 | D:3      | Found a faded altar of an unknown god.
   747 | D:3      | Became a worshipper of Ashenzari the Shackled
   747 | D:3      | Reached * piety under Ashenzari
   923 | D:3      | Reached skill level 5 in Necromancy
   923 | D:3      | Reached XP level 4. HP: 11/31 MP: 4/8
   926 | D:3      | Slain by an orc wizard

Illustrated notes

Levels and vault maps discovered:
D:1:      mrwooster_arrival_arrow, layout_loops_cross, serial_co_window_serial,
          co_window_paths_b, co_window_paths_b, co_window_corner_a,
          co_window_of_opportunity_a, co_window_paths_a, co_window_broadway_a,
          co_window_broadway_c, co_window_of_opportunity_b, co_window_paths_c,
          glass_columns_c
D:2:      wander_river, layout_basic
D:3:      layout_loops_corners, nicolae_dithmenos_shadow_blocks, first_ration,
          chequers_ecumenical_altar_island, eino_tiny_chamber, minmay_distorted,
          uniq_jessica, uniq_ijyb, uniq_grinder

Skill      XL: |  1  2  3 |
---------------+----------+-----
Necromancy     | 5 |  5.0
Fighting       | |  0.9
Axes           | |  0.6
Dodging        | |  1.9
Stealth        | |  2.4
Spellcasting   | |  2.9

Action                   |  1- 3 |  4- 6 || total
-------------------------+-------+-------++-------
Melee: War axe           |    23 |     2 ||    25
       Unarmed           |     6 |       ||     6
 Cast: Pain              |    16 |       ||    16
       Vampiric Draining |       |     2 ||     2
Armor: Robe              |     7 |       ||     7
       Skin              |     1 |       ||     1
Dodge: Dodged            |    17 |     1 ||    18

Table legend:
 A = Non-vault XP
 B = Vault XP
 C = Vault XP percentage of total XP
 D = Non-vault monster count
 E = Vault monster count
 F = Vault count percentage of total count
                 A         B        C        D         E       F
            +---------+---------+-------+---------+---------+-------
      Total |      67 |      37 |  35.6 |      11 |       1 |   8.3
            +---------+---------+-------+---------+---------+-------
        D:2 |      18 |       0 |   0.0 |       7 |       0 |   0.0
        D:3 |      49 |      37 |  43.0 |       4 |       1 |  20.0
            +---------+---------+-------+---------+---------+-------
